AoeStats
← 建建哥

Arena

509385379Analyzed
2v2 RM · 6d ago on Sep 26, 2026· 63m 53s· 4 players
Game mode
Random Map
Map size
Medium (4 player)
Population
200
Speed
Normal
Resources
Standard
Victory
Conquest
Starting age
Dark Age
Ending age
Imperial Age
RankedLock teamsTeams togetherTeam positionsShared explorationLock speedFull tech treeHidden civsTurbo modeCheats
Victory
Defeat
🇹🇼 Poles · Taiwan
1131
+16
🇹🇼 Teutons · Taiwan
1127
+16
🇨🇳 Varangians · China
1142
-16
🇨🇳 Hindustanis · China
1132
-16
冰冰歷險記
4:52 Loom
11:39 Feudal Age
13:55 Horse Collar
21:04 Castle Age
19:08 Double-Bit Axe
19:37 Gold Mining
20:25 Bloodlines
20:25 Scale Barding Armor
21:27 Forging
22:25 Heavy Plow
22:33 Husbandry
23:07 Bow Saw
25:05 Szlachta Privileges
27:41 Iron Casting
28:52 Chain Barding Armor
41:40 Wheelbarrow
41:53 Town Watch
48:20 Imperial Age
47:01 Hand Cart
49:34 Conscription
49:19 Cavalier
52:03 Blast Furnace
52:16 Lechitic Legacy
52:04 Light Cavalry
53:21 Town Patrol
52:56 Winged Hussar
57:04 Treadmill Crane
建建哥
0:34 Loom
9:56 Feudal Age
10:29 Double-Bit Axe
10:54 Town Watch
11:57 Fletching
23:51 Castle Age
23:03 Horse Collar
23:19 Gold Mining
25:26 Bodkin Arrow
25:47 Bow Saw
25:39 Heavy Plow
32:26 Imperial Age
30:54 Forging
31:42 Scale Barding Armor
32:13 Iron Casting
31:42 Stone Mining
33:35 Bloodlines
34:51 Two-Man Saw
34:50 Chain Barding Armor
34:51 Cavalier
37:50 Wheelbarrow
39:09 Squires
38:55 Gambesons
39:12 Scale Mail Armor
40:12 Chain Mail Armor
41:05 Blast Furnace
41:59 Hand Cart
42:47 Town Patrol
43:34 Crop Rotation
44:25 Plate Mail Armor
44:26 Arson
45:09 Conscription
48:17 Elite Teutonic Knight
50:59 Padded Archer Armor
52:27 Chemistry
51:58 Leather Archer Armor
52:15 Caravan
53:42 Ring Archer Armor
55:05 Hoardings
55:04 Ballistics
62:41 Siege Engineers
64:20 Plate Barding Armor
Edmond.
10:44 Feudal Age
15:26 Castle Age
13:16 Loom
14:42 Double-Bit Axe
14:38 Horse Collar
24:31 Fletching
Bar
10:59 Feudal Age
10:12 Loom
12:19 Double-Bit Axe
15:05 Castle Age
13:23 Horse Collar
17:37 Forging
18:34 Bow Saw
19:54 Wheelbarrow
20:02 Squires
20:33 Heavy Plow
21:09 Town Watch
22:24 Arson
22:46 Gold Mining
22:48 Stone Mining
23:38 Scale Mail Armor
24:59 Ballistics
25:15 Hand Cart
25:52 Iron Casting
26:01 Grand Trunk Road
26:17 Scale Barding Armor
27:47 Chain Mail Armor
28:21 Stone Shaft Mining
28:33 Gold Shaft Mining
28:33 Fletching
28:56 Town Patrol
29:33 Masonry
29:34 Bodkin Arrow
33:36 Chain Barding Armor
33:33 Fortified Wall
33:19 Murder Holes
33:57 Bloodlines
33:48 Husbandry
34:21 Padded Archer Armor
35:46 Leather Archer Armor
40:54 Imperial Age
41:00 Heavy Camel Rider
42:42 Blast Furnace
42:19 Plate Barding Armor
42:10 Conscription
41:54 Shatagni
43:08 Two-Man Saw
42:49 Imperial Camel Rider
44:56 Chemistry
44:01 Siege Engineers
51:33 Bracer
52:24 Pikeman
57:39 Siege Elephant
59:04 Ring Archer Armor
60:14 Hoardings
59:02 Elite Ghulam
Connection lost

Rejoining the realm…

Still unreachable

The connection could not be restored.

Session expired

The server has moved on; the page needs a fresh start.